AoeStats
← Kachuin

Black Forest

507132001Analyzed
4v4 RM · 15d ago on Sep 16, 2026· 58m 47s· 8 players
Game mode
Random Map
Map size
Large (8 player)
Population
200
Speed
Normal
Resources
Standard
Victory
Conquest
Starting age
Dark Age
Ending age
Imperial Age
RankedLock teamsTeams togetherTeam positionsShared explorationLock speedFull tech treeHidden civsTurbo modeCheats
Victory
Defeat
🇨🇦 Magyars · Canada
834
+13
🇩🇪 Japanese · Germany
792
+15
🇲🇽 Britons · Mexico
791
+15
🇨🇳 Franks · China
780
+16
🇬🇧 Tatars · United Kingdom
804
-15
🇬🇧 Persians · United Kingdom
804
-16
🇨🇭 Slavs · Switzerland
750
-14
🇨🇭 Dravidians · Switzerland
743
-14
Marshall
0:28 Loom
29:31 Feudal Age
30:26 Double-Bit Axe
30:46 Horse Collar
36:38 Castle Age
35:00 Gold Mining
35:05 Stone Mining
37:36 Bow Saw
37:31 Heavy Plow
38:02 Caravan
38:51 Gold Shaft Mining
42:06 Coinage
43:32 Ballistics
43:09 Murder Holes
47:39 Imperial Age
45:57 Wheelbarrow
46:04 Corvinian Army
49:07 Crop Rotation
50:20 Two-Man Saw
48:52 Onager
50:12 Thumb Ring
49:46 Crossbowman
51:55 Recurve Bow
52:17 Conscription
51:45 Arbalester
54:33 Fletching
54:43 Padded Archer Armor
55:06 Elite Magyar Huszar
56:05 Heated Shot
56:21 Bodkin Arrow
56:54 Leather Archer Armor
山猪佩奇y
11:22 Feudal Age
12:06 Double-Bit Axe
14:30 Wheelbarrow
18:36 Castle Age
17:37 Gold Mining
17:37 Stone Mining
19:29 Bow Saw
20:33 Gold Shaft Mining
20:55 Hand Cart
29:00 Imperial Age
29:06 Caravan
34:16 Forging
34:12 Scale Barding Armor
35:46 Cavalier
36:28 Husbandry
37:10 Iron Casting
36:56 Chain Barding Armor
37:29 Conscription
38:56 Blast Furnace
37:34 Paladin
39:30 Plate Barding Armor
40:49 Loom
40:50 Town Watch
wigfunk
0:27 Loom
16:48 Feudal Age
21:25 Wheelbarrow
27:22 Castle Age
26:27 Town Watch
26:29 Double-Bit Axe
31:18 Hand Cart
31:16 Bow Saw
32:19 Horse Collar
33:09 Fletching
34:42 Caravan
36:14 Bodkin Arrow
36:21 Padded Archer Armor
38:03 Town Patrol
38:28 Murder Holes
38:14 Treadmill Crane
39:02 Ballistics
38:44 Pikeman
39:10 Arson
39:28 Squires
40:49 Leather Archer Armor
40:36 Scale Mail Armor
40:48 Forging
42:00 Heavy Plow
42:59 Chain Mail Armor
43:03 Elite Skirmisher
44:09 Yeomen
44:34 Iron Casting
48:06 Imperial Age
47:01 Masonry
46:42 Guard Tower
48:52 Warwolf
48:19 Elite Longbowman
49:21 Conscription
49:37 Hoardings
49:46 Warwolf
49:48 Bracer
50:14 Gold Mining
50:14 Stone Mining
51:26 Two-Man Saw
51:42 Ring Archer Armor
52:13 Blast Furnace
51:44 Plate Mail Armor
51:47 Architecture
52:19 Chemistry
51:07 Arrowslits
51:34 Fortified Wall
53:04 Halberdier
59:07 Scale Barding Armor
59:09 Siege Engineers
59:40 Keep
muD0D
6:41 Loom
13:11 Feudal Age
13:39 Double-Bit Axe
13:36 Horse Collar
13:48 Gold Mining
16:29 Wheelbarrow
22:09 Castle Age
20:16 Town Watch
20:21 Man-at-Arms
21:19 Stone Mining
23:29 Town Patrol
24:01 Bow Saw
24:03 Heavy Plow
28:40 Arson
28:41 Gambesons
28:18 Long Swordsman
28:59 Squires
33:15 Scale Mail Armor
33:26 Forging
34:47 Chain Mail Armor
35:51 Gold Shaft Mining
37:02 Iron Casting
36:18 Fletching
40:51 Imperial Age
39:18 Pikeman
40:59 Capped Ram
41:03 Two-Handed Swordsman
42:17 Plate Mail Armor
42:47 Blast Furnace
41:43 Bodkin Arrow
42:50 Halberdier
43:28 Champion
45:53 Two-Man Saw
52:09 Bracer
madnessss86
0:49 Loom
24:05 Feudal Age
31:42 Castle Age
33:15 Horse Collar
33:26 Double-Bit Axe
35:09 Scale Barding Armor
35:15 Forging
35:06 Scale Mail Armor
35:39 Caravan
36:39 Bow Saw
38:48 Gold Mining
38:50 Stone Mining
42:33 Imperial Age
42:00 Wheelbarrow
41:11 Town Watch
41:30 Heavy Plow
42:58 Fortified Wall
42:40 Heated Shot
43:35 Pikeman
44:01 Gambesons
44:17 Squires
45:02 Conscription
45:06 Wootz Steel
45:59 Halberdier
57:01 Coinage
57:23 Chain Barding Armor
Kachuin
7:02 Loom
14:46 Feudal Age
15:58 Wheelbarrow
17:20 Horse Collar
19:13 Gold Mining
24:19 Castle Age
22:57 Stone Mining
25:03 Hand Cart
26:38 Heavy Plow
30:31 Forging
31:29 Double-Bit Axe
33:09 Stone Shaft Mining
34:12 Scale Barding Armor
37:57 Husbandry
39:33 Bloodlines
43:38 Imperial Age
42:31 Iron Casting
44:35 Conscription
43:40 Cavalier
43:47 Elite War Elephant
44:59 Caravan
46:25 Savar
49:03 Chain Barding Armor
49:58 Blast Furnace
50:57 Gold Shaft Mining
Tsubodai
1:20 Loom
20:39 Feudal Age
23:33 Double-Bit Axe
25:52 Gold Mining
25:46 Horse Collar
31:10 Castle Age
30:01 Stone Mining
34:14 Heavy Plow
34:52 Wheelbarrow
34:53 Bow Saw
35:22 Gold Shaft Mining
36:27 Elite Skirmisher
42:01 Forging
41:57 Scale Barding Armor
42:07 Husbandry
42:18 Bloodlines
46:05 Imperial Age
44:23 Hand Cart
44:45 Silk Armor
46:04 Fletching
46:15 Padded Archer Armor
50:15 Iron Casting
50:01 Chain Barding Armor
53:49 Bodkin Arrow
54:10 Leather Archer Armor
MuchJaguar3116
0:31 Loom
19:11 Feudal Age
19:47 Double-Bit Axe
22:57 Horse Collar
27:04 Castle Age
24:56 Stone Mining
25:04 Gold Mining
28:21 Bow Saw
31:29 Heavy Plow
32:07 Gold Shaft Mining
33:29 Wheelbarrow
32:45 Town Watch
39:19 Imperial Age
36:59 Town Patrol
36:59 Pikeman
37:39 Squires
37:00 Man-at-Arms
38:20 Scale Barding Armor
38:15 Scale Mail Armor
38:16 Padded Archer Armor
38:26 Forging
38:07 Fletching
38:20 Murder Holes
38:35 Masonry
38:46 Ballistics
38:49 Fortified Wall
39:50 Elite Boyar
40:51 Conscription
40:32 Detinets
40:02 Sappers
40:00 Halberdier
41:02 Caravan
41:20 Crossbowman
43:49 Hand Cart
48:02 Chemistry
49:28 Chain Mail Armor
49:49 Iron Casting
51:18 Two-Man Saw
Connection lost

Rejoining the realm…

Still unreachable

The connection could not be restored.

Session expired

The server has moved on; the page needs a fresh start.